Map: Ruins of Endion

Players

Player

  • Race: Protoss Protoss
  • League: Master

Miszu - Winner!

  • Race: Terran Terran
  • League: Grandmaster

VOD

Have the link to the VOD?

Description

Time

  • Played on: May 27, 2016, 4:01 p.m.
  • Length: 10:12
Show
View Real Time Build Order
Export as new Build Order

Player Protoss 

Build Orders: 1 Gate Expand, Zealot Archon 

Get SALT Encoding   

  12  0:01  Probe (Chrono Boost)  
  13  0:12  Probe (Chrono Boost)  
  14  0:18  Pylon  
  14  0:22  Probe (Chrono Boost)  
  15  0:36  Probe (Chrono Boost)  
  15  0:37  Gateway  
  16  0:43  Assimilator  
  16  0:47  Probe (Chrono Boost)  
  17  0:57  Probe (Chrono Boost)  
  18  1:08  Probe (Chrono Boost)  
  19  1:24  Nexus  
  19  1:35  Cybernetics Core  
  19  1:36  Probe (Chrono Boost)  
  20  1:42  Assimilator  
  20  1:46  Probe (Chrono Boost)  
  21  1:54  Pylon  
  21  1:57  Probe (Chrono Boost)  
  23  2:13  Warp Gate, Mothership Core (Chrono Boost)  
  24  2:20  Adept  
  26  2:31  Probe (Chrono Boost)  
  26  2:36  Probe (Chrono Boost)  
  28  2:41  Probe (Chrono Boost)  
  28  2:43  Twilight Council  
  29  2:46  Forge, Probe (Chrono Boost)  
  30  2:56  Adept (Chrono Boost)  
  30  2:57  Probe (Chrono Boost)  
  33  3:03  Probe (Chrono Boost)  
  33  3:04  Protoss Ground Weapons Level 1  
  34  3:08  Probe  
  35  3:15  Probe  
  35  3:19  Resonating Glaives (Chrono Boost)  
  36  3:24  Probe  
  37  3:31  Gateway  
  37  3:32  Gateway  
  37  3:39  Gateway  
  37  3:44  Probe x2  
  39  3:50  Gateway  
  39  4:02  Robotics Facility  
  39  4:08  Gateway  
  39  4:12  Pylon  
  39  4:16  Gateway  
  39  4:19  Probe x2  
  41  4:24  Pylon  
  41  4:31  Probe x2  
  41  4:37  Pylon  
  43  4:43  Adept x2  
  47  4:49  Dark Shrine  
  47  4:51  Warp Prism (Chrono Boost)  
  49  4:56  Dark Shrine  
  49  5:00  Pylon  
  49  5:01  Probe  
  49  5:02  Probe  
  51  5:13  Probe  
  52  5:14  Pylon  
  52  5:31  Pylon  
  52  5:34  Pylon  
  52  5:41  Pylon  
  52  5:43  Adept x6  
  52  5:44  Adept, Pylon  
  62  6:03  Adept x6  
  56  6:13  Warp Prism (Chrono Boost)  
  54  6:26  Probe  
  54  6:28  Assimilator  
  54  6:29  Assimilator  
  55  6:36  Probe  
  55  6:38  Probe  
  57  6:48  Probe  
  57  6:50  Probe  
  59  7:00  Dark Templar x2, Probe  
  59  7:01  Dark Templar x2  
  68  7:02  Probe  
  68  7:03  Adept x3  
  75  7:12  Probe  
  72  7:27  Stalker x2  
  72  7:28  Stalker  
  72  7:29  Protoss Ground Weapons Level 2  
  72  7:32  Probe x2  
  70  7:39  Archon  
  70  7:41  Stalker x4  
  78  7:51  Adept x3  
  78  7:55  Nexus  
  78  7:56  Pylon  
  84  7:59  Probe x2  
  84  8:00  Pylon  
  86  8:10  Adept x4  
  94  8:17  Stalker x3  
  100  8:23  Probe x2  
  100  8:34  Dark Templar  
  100  8:35  Dark Templar  
  100  8:36  Adept x2  
  108  8:54  Adept x3  
  112  9:01  Pylon  
  112  9:02  Pylon  
  110  9:05  Adept x2  
  110  9:06  Pylon  
  110  9:08  Sentry, Pylon  
  112  9:11  Sentry  
  112  9:15  Sentry  
  116  9:21  Probe  
  116  9:22  Adept  
  121  9:26  Observer (Chrono Boost)  
  121  9:30  Adept x3  
  126  9:38  Adept x3, Pylon  
  130  9:52  Adept x2  
  112  10:00  Stalker x2  
  112  10:05  Stalker  
Show
View Real Time Build Order
Export as new Build Order

Miszu Terran - Winner!

Build Orders: Reaper Expand 

Get SALT Encoding   

  12  0:00  SCV  
  13  0:12  SCV  
  14  0:17  Supply Depot  
  14  0:24  SCV  
  15  0:39  SCV  
  15  0:40  Barracks  
  16  0:43  Refinery  
  16  0:51  SCV  
  17  1:03  SCV  
  18  1:17  SCV  
  19  1:27  Reaper  
  19  1:30  Orbital Command  
  20  1:41  Command Center  
  20  1:52  Supply Depot  
  20  1:56  SCV  
  21  2:04  Barracks Reactor  
  21  2:08  SCV  
  22  2:13  Engineering Bay  
  22  2:20  SCV  
  23  2:25  Barracks  
  23  2:32  SCV  
  24  2:39  Marine x2  
  24  2:42  Terran Infantry Weapons Level 1  
  26  2:44  SCV  
  27  2:56  SCV  
  27  2:57  Marine x2, Orbital Command  
  30  3:02  Refinery  
  30  3:14  Barracks Tech Lab  
  30  3:15  Marine x2  
  30  3:16  SCV  
  33  3:25  SCV  
  34  3:28  SCV  
  34  3:33  Marine x2, Stimpack  
  37  3:36  Missile Turret  
  37  3:37  SCV, Missile Turret  
  37  3:40  SCV  
  39  3:45  Factory  
  39  3:49  SCV  
  39  3:51  Marine x2  
  39  3:52  SCV  
  43  3:59  Marauder  
  43  4:02  SCV  
  45  4:04  Supply Depot  
  45  4:06  SCV  
  46  4:11  Refinery  
  46  4:25  Marine, SCV  
  46  4:26  Supply Depot, Marauder, SCV  
  46  4:28  Marine  
  46  4:30  Starport, Factory Reactor  
  52  4:35  Barracks  
  52  4:38  SCV x2  
  54  4:43  Terran Infantry Armor Level 1  
  54  4:48  Marine x2  
  54  4:50  SCV x2  
  58  4:53  Marine  
  58  4:54  Supply Depot  
  59  5:02  SCV x2  
  59  5:05  Marine  
  62  5:14  Command Center  
  62  5:15  SCV x2  
  62  5:18  Medivac  
  62  5:19  Medivac  
  68  5:25  Barracks Tech Lab  
  68  5:28  Supply Depot, SCV  
  68  5:30  Supply Depot, SCV  
  68  5:34  Refinery, Factory Reactor  
  70  5:44  Liberator  
  70  5:45  Barracks  
  70  5:46  Barracks  
  70  5:47  SCV  
  59  6:00  Marine x2, Marauder x2  
  63  6:18  Marine x2  
  62  6:21  Marauder  
  62  6:22  Marauder, Liberator  
  66  6:27  Liberator  
  66  6:36  Marine x2  
  68  6:42  Marine  
  68  6:47  SCV x2  
  77  6:58  SCV  
  77  7:01  SCV  
  79  7:02  SCV  
  79  7:06  Refinery  
  80  7:11  Orbital Command  
  80  7:13  SCV  
  80  7:14  SCV  
  81  7:24  Marauder  
  81  7:25  SCV  
  81  7:26  SCV  
  78  7:30  Missile Turret  
  78  7:34  Missile Turret  
  77  7:37  SCV  
  77  7:38  SCV  
  77  7:42  Marine  
  77  7:43  Marauder  
  82  7:44  SCV  
  82  7:46  Marauder  
  85  7:54  Medivac  
  85  7:55  Medivac  
  85  7:58  SCV x2  
  91  8:02  Supply Depot  
  91  8:04  SCV  
  92  8:10  SCV  
  92  8:11  Armory  
  93  8:14  SCV  
  93  8:19  Marine, Marauder  
  97  8:22  Marine x2  
  97  8:26  SCV  
  100  8:27  Marine  
  100  8:28  Marine  
  102  8:36  SCV  
  102  8:37  Marine  
  102  8:40  Marine  
  102  8:41  Marauder  
  107  8:46  Marauder  
  109  9:10  Supply Depot  
  109  9:11  Marine x5, SCV  
  109  9:12  Marauder  
  109  9:13  Supply Depot  
  109  9:14  Supply Depot  
  117  9:24  Concussive Shells  
  117  9:30  Barracks Reactor, Barracks Tech Lab  
  117  9:31  Marine, SCV x3  
  121  9:43  Marine, Marauder, SCV x3  
  121  9:44  Supply Depot  
  121  9:45  Supply Depot  
  121  9:56  SCV  
Tags
 
Add a new tag
Caveats
  • Supply blocks, unpowered buildings, or Contaminate may cause inaccurate times.
  • Supply counts are checked every 10 seconds.